 Dungeon Crawl Stone Soup version 0.29.1-2-gbd0b4ee654 (webtiles) character file.

Game seed: 7794253761203892044

162 qeuew the Sneak (level 5, 0/34 HPs)
             Began as an Octopode Brigand on Nov 4, 2022.
             Killed by divine providence
             ... invoked by an orc priest
              (11 damage)
             ... on level 3 of the Dungeon.
             The game lasted 00:05:26 (3174 turns).

qeuew the Sneak (Octopode Brigand)                  Turns: 3174, Time: 00:05:26

Health: 0/34       AC:  1    Str: 10      XL:     5   Next: 43%
Magic:  5/5        EV: 13    Int: 11 (13) God:
Gold:   160        SH:  0    Dex: 14 (16) Spells: 4/4 levels left

rFire   . . .      SeeInvis .   a - +2 dagger
rCold   . . .      Faith    .   (no shield)
rNeg    . . .      Spirit   .   (helmet restricted)
rPois   .          Reflect  .   (no amulet)
rElec   .          Harm     .   (no ring)
rCorr   .          Rampage  .   (no ring)
Will    .....                   (no ring)
Stlth   +++++.....              (no ring)
HPRegen 0.11/turn               (no ring)
MPRegen 0.09/turn               (no ring)
                                (no ring)
                                (no ring)

@: no status effects
A: almost no armour, amphibious, 8 rings, camouflage 1, gelatinous body 1,
(nimble swimmer 1), tentacles
a: no special abilities


You were on level 3 of the Dungeon.
You visited 1 branch of the dungeon, and saw 3 of its levels.

You collected 160 gold pieces.

Inventory:

Hand Weapons
 a - a +2 dagger (weapon)
Missiles
 b - 16 poisoned darts (quivered)
 c - 3 curare-tipped darts
Scrolls
 e - a scroll of teleportation {unknown}
Potions
 d - a potion of magic {unknown}


   Skills:
 + Level 2.2 Fighting
 + Level 2.9 Short Blades
 + Level 2.1 Throwing
 + Level 1.7 Dodging
 + Level 7.9 Stealth


You had 4 spell levels left.
You didn't know any spells.
Your spell library contained the following spells:

 Spells                   Type           Power      Damage    Failure   Level
 Apportation              Tloc           0%         N/A       34%         1
 Sublimation of Blood     Necr           0%         N/A       47%         2
 Wereblood                Tmut           0%         N/A       47%         2
 Call Canine Familiar     Summ           0%         N/A       71%         3
 Portal Projectile        Hex/Tloc       0%         N/A       71%         3
 Leda's Liquefaction      Hex/Erth       0%         N/A       98%         4
 Alistair's Intoxication  Tmut/Pois      0%         N/A       100%        5
 Lee's Rapid Deconstruct  Erth           0%         3d5*      100%        5
 Statue Form              Tmut/Erth      0%         N/A       100%        6
 Summon Hydra             Summ           0%         N/A       100%        7


Dungeon Overview and Level Annotations

Branches:
Dungeon (3/15)

Altars:


Innate Abilities, Weirdness & Mutations

You cannot wear most types of armour.
You are amphibious.
You can wear up to eight rings at the same time.
Your skin changes colour to match your surroundings (Stealth+).
Your rubbery body absorbs attacks. (AC +1, EV +1)
((You are camouflaged when in or above water. (Stealth+)))
You have tentacles for arms and can constrict up to eight enemies at once.


Message History

The orc wizard is lightly wounded.
You constrict the orc wizard, but do no damage.
The orc wizard hits you with a +0 dagger.
The orc priest mumbles some strange prayers to Beogh against you.
Pain shoots through your body!
You hit the orc wizard.
The orc wizard is moderately wounded.
You constrict the orc wizard, but do no damage.
The orc wizard barely misses you. The orc priest barely misses you.
You hit the orc wizard but do no damage.
The orc wizard is moderately wounded.
You constrict the orc wizard. The orc wizard misses you.
The orc priest misses you.
You hit the orc wizard. Your squeeze misses the orc wizard.
The orc wizard is severely wounded.
You constrict the orc wizard.
The orc wizard escapes!
The orc priest hits you with a +0 club.
The orc priest looks braver for a moment.
You hit the orc wizard. Your grab misses the orc wizard.
The orc wizard is almost dead.
You hit the orc wizard.
You kill the orc wizard!
The orc priest hits you with a +0 club.
You feel your strength returning.
You closely miss the orc priest. Your grab misses the orc priest.
You squeeze the orc priest, but do no damage.
The orc priest closely misses you.
The orc priest hits you with a +0 short sword.
You barely miss the orc priest. You grab the orc priest.
You constrict the orc priest. The orc priest barely misses you.
The orc priest hits you but does no damage.
You hit the orc priest. You squeeze the orc priest!
The orc priest is almost dead.
You constrict the orc priest. The orc priest hits you with a +0 club.
The orc priest hits you with a +0 short sword.
You barely miss the orc priest. You squeeze the orc priest.
You kill the orc priest!
The orc priest calls down the wrath of Beogh upon you.
Beogh smites you!
You die...

#### ## ... .. # ########># #.
#.. #........# #.
.....###.###....# #.
......)@.....#..# ##)
......o).#......# ##..
#...######.###..# #... ##..#
#.# #..######.. #..## #.#
#.......... #...# #.#
#.......... #.#.# #.#
###.#..#### #.#.# #.# #.#..#
###########.#.#####.#####.#..#


You could see an orc priest.

Vanquished Creatures
  An orc priest (D:3)
  An orc wizard (D:3)
  5 adders
  3 dart slugs
  2 orcs (D:3)
  3 ball pythons
  6 endoplasms
  A giant cockroach (D:3)
  12 goblins
  8 hobgoblins
  11 jackals
  6 bats
  3 frilled lizards
  8 kobolds
  9 rats
79 creatures vanquished.

Vanquished Creatures (others)
  7 plants (D:3)
7 creatures vanquished.

Grand Total: 86 creatures vanquished

Notes
Turn   | Place    | Note
-------+----------+-------------------------------------------
     0 | D:1      | qeuew the Octopode Brigand began the quest for the Orb.
     0 | D:1      | Reached XP level 1. HP: 14/14 MP: 1/1
    88 | D:1      | Reached skill level 6 in Stealth
    88 | D:1      | Reached XP level 2. HP: 11/19 MP: 2/2
   798 | D:1      | Reached XP level 3. HP: 17/24 MP: 3/3
  1592 | D:2      | Reached XP level 4. HP: 29/29 MP: 4/4
  1629 | D:2      | Reached skill level 7 in Stealth
  2903 | D:3      | Found a faded altar of an unknown god.
  2920 | D:3      | Reached XP level 5. HP: 34/34 MP: 5/5
  3174 | D:3      | Killed from afar by an orc priest

Illustrated notes

Levels and vault maps discovered:
D:1:      dpeg_arrival_morbid_curiosity, layout_basic
D:2:      layout_loops_ring, kennysheep_generic_room_3
D:3:      corexii_shack_village, layout_loops_ring,
          ebering_ecumenical_altar_ruins

Skill      XL: |  1  2  3  4 |
---------------+-------------+-----
Stealth        | 6 7 |  7.9
Fighting       | |  2.2
Short Blades   | |  2.9
Throwing       | |  2.1
Dodging        | |  1.7

Action                   |  1- 3 |  4- 6 || total
-------------------------+-------+-------++-------
Melee: Dagger            |    53 |    87 ||   140
       Tentacles         |    15 |    11 ||    26
       Constrict         |    12 |    15 ||    27
       Punch             |       |     1 ||     1
  Use: Potion            |     1 |     3 ||     4
       Scroll            |       |     3 ||     3
 Stab: Sleeping          |    13 |    26 ||    39
Armor: Skin              |     2 |     2 ||     4
Dodge: Dodged            |    24 |    32 ||    56
